 Dungeon Crawl Stone Soup version 0.31.0-11-ge490571c62 (webtiles) character file.

Game seed: 4561433194102957360

112 Faeranduil the Apothecary (level 4, 0/27 HPs)
             Began as an Octopode Alchemist on Feb 8, 2024.
             Slain by Natasha (7 damage)
             ... on level 3 of the Dungeon.
             The game lasted 00:05:17 (3518 turns).

Faeranduil the Apothecary (Octopode Alchemist)      Turns: 3518, Time: 00:05:18

Health: 0/27       AC:  1    Str:  7    XL:     4   Next: 93%
Magic:  0/8        EV: 13    Int: 19    God:
Gold:   192        SH:  0    Dex: 12    Spells: 5/8 levels left

rFire   . . .        b - +0 dagger
rCold   . . .        (no shield)
rNeg    . . .        (helmet restricted)
rPois   .            (no amulet)
rElec   .            (no ring)
rCorr   .            (no ring)
SInv    .            (no ring)
Will    .....        (no ring)
Stlth   +++          (no ring)
HPRegen 0.24/turn    (no ring)
MPRegen 0.11/turn    (no ring)
                     (no ring)

%: no passive effects
@: no status effects
A: almost no armour, amphibious, 8 rings, camouflage 1, gelatinous body 1,
(nimble swimmer 1), tentacles
a: no special abilities


You were on level 3 of the Dungeon.
You visited 1 branch of the dungeon, and saw 3 of its levels.

You collected 192 gold pieces.

Inventory:

Hand Weapons
 b - a +0 dagger (weapon)
Armour
 j - a +0 buckler
Scrolls
 d - 3 scrolls of identify {unknown}
 g - 2 scrolls of poison {unknown}
 q - 2 scrolls of teleportation {unknown}
Potions
 a - a potion of magic
 c - 2 potions of curing {unknown}
 e - a potion of invisibility {unknown}
 f - 3 potions of heal wounds {unknown}
 h - a potion of enlightenment {unknown}
 i - a potion of mutation {unknown}
 k - a potion of haste {unknown}
 l - a potion of ambrosia {unknown}
 m - a potion of might {unknown}
 n - a potion of attraction {unknown}
 o - a potion of cancellation {unknown}
 p - 2 potions of berserk rage {unknown}
 r - a potion of brilliance {unknown}


   Skills:
 - Level 2.0 Dodging
 - Level 2.6 Stealth
 + Level 1.3 Shields
 + Level 2.9 Spellcasting
 - Level 1.0 Conjurations
 * Level 5.0 Alchemy


You had 5 spell levels left.
You knew the following spells:

 Your Spells              Type           Power      Damage    Failure   Level
a - Sting                 Conj/Alch      56%        1d6       4%          1
f - Mercury Vapours       Alch/Air       24%        N/A       9%          2

Your spell library contained the following spells:

 Spells                   Type           Power      Damage    Failure   Level
 Olgreb's Toxic Radiance  Alch           22%        N/A       19%         4
 Mephitic Cloud           Conj/Alch/Air  10%        N/A       21%         3
 Sticky Flame             Fire/Alch      12%        2d5       47%         4
 Animate Dead             Necr           2%         N/A       83%         4
 Haunt                    Necr/Summ      1%         N/A       100%        7
 Infestation              Necr           1%         N/A       100%        8


Dungeon Overview and Level Annotations

Branches:
Dungeon (3/15)

Altars:
Uskayaw

Annotations:
D:3 Natasha


Innate Abilities, Weirdness & Mutations

You cannot wear most types of armour.
You are amphibious.
You can wear up to eight rings at the same time.
Your skin changes colour to match your surroundings (Stealth+).
Your rubbery body absorbs attacks. (AC +1, EV +1)
((You are camouflaged when in or above water. (Stealth+)))
You have tentacles for arms and can constrict up to eight enemies at once.


Message History

Aiming: Sting (safe; 4% risk of failure)
Press: ? - help, Shift-Dir - straight line, f/p - cerulean imp
Aim: a cerulean imp, wielding a +2 spear (lightly wounded, summoned, 57% to hit)
The sting misses the cerulean imp.
The cerulean imp hits you from afar with a +2 spear.
There is an open door here.
The cerulean imp hits you but does no damage.
As you close the door, it creaks loudly!
A cerulean imp breaks down the door.
It's broken and can't be closed.
Casting: Sting (safe; 4% risk of failure)
Confirm with . or Enter, or press ? or * to list all spells.
Aiming: Sting (safe; 4% risk of failure)
Press: ? - help, Shift-Dir - straight line, f/p - cerulean imp
Aim: a cerulean imp, wielding a +2 spear (lightly wounded, summoned, 57% to hit)
The sting hits the cerulean imp.
The cerulean imp partially resists.
The cerulean imp is poisoned.
The cerulean imp is moderately wounded.
The cerulean imp barely misses you. Natasha closely misses you.
Casting: Sting (safe; 4% risk of failure)
Confirm with . or Enter, or press ? or * to list all spells.
Aiming: Sting (safe; 4% risk of failure)
Press: ? - help, Shift-Dir - straight line, f/p - cerulean imp
Aim: a cerulean imp, wielding a +2 spear (moderately wounded, summoned, poisoned, 57% to hit)
The sting hits Natasha but does no damage.
Natasha is poisoned.
The cerulean imp hits you from afar with a +2 spear.
Natasha claws you!
You closely miss Natasha. Your grab misses Natasha.
Your squeeze misses Natasha.
Natasha is lightly wounded.
The cerulean imp closely misses you. Natasha closely misses you.
You hit Natasha but do no damage. Your grab misses Natasha.
You squeeze Natasha.
Natasha is severely wounded.
The cerulean imp hits you from afar with a +2 spear.
* * * LOW HITPOINT WARNING * * *
Natasha claws you!
You die...
Natasha curls up and begins to purr.

.# ##+# #(# ##...#
#.# #.....# #.#
.......## ##.##
........####...##
.......5h@......#
........####...###
.......###.......#
#.....# #.#####.#
##...# #.# #.##
##+# #.# #..# #.#
###.# #.## #.#
#...#####.# ##.##
#.#.......#


You could see Natasha (poisoned) and a cerulean imp (summoned, poisoned).

Vanquished Creatures
  Natasha (D:3)
  2 adders (D:3)
  3 dart slugs
  A ribbon worm (D:2)
  5 ball pythons
  3 endoplasms
  5 giant cockroaches
  4 goblins
  5 hobgoblins
  7 jackals
  3 quokkas (D:1)
  4 bats
  2 frilled lizards
  5 kobolds
  11 rats
61 creatures vanquished.

Notes
Turn   | Place    | Note
-------+----------+-------------------------------------------
     0 | D:1      | Faeranduil the Octopode Alchemist began the quest for the
                  | Orb.
     0 | D:1      | Reached XP level 1. HP: 11/11 MP: 3/3
   101 | D:1      | Reached XP level 2. HP: 15/17 MP: 0/5
   320 | D:1      | Found a faded altar of an unknown god.
   478 | D:1      | Reached skill level 4 in Alchemy
   840 | D:1      | Reached XP level 3. HP: 21/21 MP: 4/6
  2513 | D:3      | Reached XP level 4. HP: 27/27 MP: 3/8
  2758 | D:3      | Found a hide-covered altar of Uskayaw.
  2758 | D:3      | Noticed Natasha
  2851 | D:3      | Reached skill level 1 in Shields
  2983 | D:3      | Learned a level 2 spell: Mercury Vapours
  3040 | D:3      | Killed Natasha
  3085 | D:3      | Reached skill level 5 in Alchemy
  3507 | D:3      | Noticed Natasha
  3518 | D:3      | Slain by Natasha

Illustrated notes

Levels and vault maps discovered:
D:1:      minmay_arrival_shattered_statue, layout_basic,
          hellmonk_ecumenical_altar_lost_god, kennysheep_nondescript,
          st_stairs_11
D:2:      cheibrodos_old_hovel, layout_basic
D:3:      layout_loops_corners, mainiacjoe_overflow_alcove_1, uniq_natasha

Skill      XL: |  1  2  3  4 |
---------------+-------------+-----
Alchemy        | 4 5 |  5.0
Shields        | 1 |  1.3
Dodging        | |  2.0
Stealth        | |  2.6
Spellcasting   | |  2.9
Conjurations   | |  1.0

Action                     |  1- 3 |  4- 6 || total
---------------------------+-------+-------++-------
  Melee: Dagger            |    11 |     6 ||    17
         Constrict         |     3 |     2 ||     5
         Tentacles         |     1 |     1 ||     2
   Cast: Sting             |    81 |    37 ||   118
 Armour: Skin              |     9 |    11 ||    20
  Dodge: Dodged            |    26 |    14 ||    40
